 Dungeon Crawl Stone Soup version 0.25-a0-292-gaa31f046c4 (webtiles) character file.

Game seed: 16452093627758212549, levelgen mode: deterministic

50 Lanoc the Skirmisher (level 3, -1/34 HPs)
             Began as a Naga Abyssal Knight on Dec 15, 2019.
             Was a Believer of Lugonu.
             Slain by a ball python (2 damage)
             ... on level 2 of the Dungeon.
             The game lasted 00:02:06 (1700 turns).

Lanoc the Skirmisher (Naga Abyssal Knight)          Turns: 1700, Time: 00:02:07

Health: -1/34      AC:  2    Str: 15    XL:     3   Next: 79%
Magic:  4/4        EV:  9    Int: 12    God:    Lugonu [**....]
Gold:   65         SH:  0    Dex: 10    Spells: 2/2 levels left

rFire    . . .     SeeInvis +   a - +1 spear
rCold    . . .     Gourm    .   (no shield)
rNeg     . . .     Faith    .   b - +0 leather armour
rPois    +         Spirit   .   (no helmet)
rElec    .         Reflect  .   (no cloak)
rCorr    .         Harm     .   (no gloves)
MR       .....                  (no barding)
Stlth    ++........             (no amulet)
HPRegen  0.11/turn              k - ring of stealth
MPRegen  0.09/turn              (no ring)

@: very slow
A: large, see invisible, deformed body, poison resistance, slowness 2, slow
metabolism 1, spit poison 1, AC +1
a: Spit Poison, Depart the Abyss, Bend Space, Renounce Religion


You were on level 2 of the Dungeon.
You worshipped Lugonu.
Lugonu was pleased with you.
You were hungry.

You visited 1 branch of the dungeon, and saw 2 of its levels.
You visited the Abyss 1 time.

You collected 65 gold pieces.

Inventory:

Hand Weapons
 a - a +1 spear (weapon)
Armour
 b - a +0 leather armour (worn)
Jewellery
 k - a ring of stealth (left hand)
Scrolls
 d - 2 scrolls of identify {unknown}
 e - 2 scrolls of remove curse {unknown}
 g - a scroll of enchant weapon {unknown}
 h - 3 scrolls of teleportation {unknown}
Potions
 f - a potion of brilliance {unknown}
 i - a potion of curing {unknown}
 j - a potion of resistance {unknown}
Comestibles
 c - 5 rations


   Skills:
 + Level 3.3 Fighting
 * Level 3.0 Polearms
 - Level 1.5 Armour
 + Level 1.3 Dodging
 + Level 2.5 Invocations


You had 2 spell levels left.
You didn't know any spells.
Your spell library was empty.

Dungeon Overview and Level Annotations

Branches:
Dungeon (2/15)

Altars:


Innate Abilities, Weirdness & Mutations

You cannot wear boots.
Your serpentine skin is tough. (AC +1)
You have supernaturally acute eyesight. (SInv)
Armour fits poorly on your strangely shaped body.
Your system is resistant to poisons. (rPois)
You cover ground very slowly.
You have a slow metabolism.
You can spit poison.


Message History

* * * LOW HITPOINT WARNING * * *
The ball python barely misses you.
You hit the worm.
The worm is almost dead.
The ball python bites you.
* * * LOW HITPOINT WARNING * * *
The worm bites you.
* * * LOW HITPOINT WARNING * * *
You hit the worm.
The worm is almost dead.
The ball python closely misses you.
You hit the worm.
You kill the worm!
Lugonu accepts your kill.
Your Polearms skill increases to level 3!
The ball python bites you but does no damage.
You closely miss the ball python.
You have got your breath back.
The ball python barely misses you. The ball python bites you.
You die...

#### ######...##
#########.....$...##
##........#.#........
#...####...#...!....#
#.##.....##.#..#†......#
#.....##.†..#..@S.......
#####.##)#.##..###...###
#....#....##..# #.##
#.##.#.##....## .#
#.##... ###..# #
#.####............( #
#.# ##..###.#####. # #.#
#..# #.# ###.## # .# #.#


You could see a ball python.

Vanquished Creatures
  2 oozes
  A worm (D:2)
  A dart slug (D:1)
  2 leopard geckos (D:1)
  3 giant cockroaches
  3 goblins
  7 hobgoblins
  2 jackals (D:1)
  2 kobolds
  A quokka (D:2)
  2 bats (D:1)
  2 frilled lizards (D:2)
  3 rats
31 creatures vanquished.

Notes
Turn   | Place    | Note
-------+----------+-------------------------------------------
     0 | Abyss:1  | Lanoc the Naga Abyssal Knight began the quest for the Orb.
     0 | Abyss:1  | Reached XP level 1. HP: 21/21 MP: 2/2
    13 | D:1      | Escaped the Abyss
   253 | D:1      | Reached skill level 1 in Dodging
   253 | D:1      | Reached XP level 2. HP: 23/28 MP: 3/3
   596 | D:1      | Reached XP level 3. HP: 3/34 MP: 4/4
   598 | D:1      | HP: 1/34 [jackal (2)]
  1322 | D:2      | Reached ** piety under Lugonu
  1697 | D:2      | HP: 1/34 [worm (2)]
  1700 | D:2      | Slain by a ball python

Levels and vault maps discovered:
D:1:      dpeg_arrival_boxes_within_box, layout_basic
D:2:      layout_loops_ring, nicolae_overflow_crystal_walls, st_stairs_6,
          minmay_hexomino_p4

Skill      XL: |  1  2  3 |
---------------+----------+-----
Dodging        | 1 |  1.3
Polearms       | 3 |  3.0
Fighting       | |  3.3
Armour         | |  1.5
Invocations    | |  2.5

Action                   || total
-------------------------++-------
Melee: Spear             ||   139
 Abil: Spit Poison       ||     8
 Stab: Sleeping          ||     1
  Eat: Chunk             ||     1
Armor: Leather armour    ||    31
Dodge: Dodged            ||    75

Table legend:
 A = Non-vault XP
 B = Vault XP
 C = Vault XP percentage of total XP
 D = Non-vault monster count
 E = Vault monster count
 F = Vault count percentage of total count
                 A         B        C        D         E       F
            +---------+---------+-------+---------+---------+-------
      Total |      63 |       9 |  12.5 |      26 |       5 |  16.1
            +---------+---------+-------+---------+---------+-------
        D:1 |      41 |       0 |   0.0 |      17 |       0 |   0.0
        D:2 |      22 |       9 |  29.0 |       9 |       5 |  35.7
            +---------+---------+-------+---------+---------+-------
